| TOP OF THE 1ST |
|
Columbus Jets batting - Pitching for Toledo Mud Hens : RHP Ricardo Posada
|
|
Pitching: RHP Ricardo Posada
|
|
|
Batting: RHB Greg Schultz
|
0-0: Ball 1-0: Called Strike 1-1: Ground out 5-3 (Groundball, 56, EV 110.6 MPH)
|
|
Batting: RHB Jim Maler
|
0-0: Ball 1-0: SINGLE (Groundball, 4MD, EV 103.1 MPH)
|
|
Batting: RHB Danny Tartabull
|
0-0: Ball Jim Maler is caught stealing 2nd base 2-4 1-0: Ground out 6-3 (Groundball, 6, EV 87.5 MPH)
|
| Top of the 1st over - 0 runs, 1 hit, 0 errors, 0 left on base; Columbus 0 - Toledo 0 |
| BOTTOM OF THE 1ST |
|
Toledo Mud Hens batting - Pitching for Columbus Jets : RHP Darryl Banks
|
|
Pitching: RHP Darryl Banks
|
|
|
Batting: LHB George LaCoe
|
0-0: Ball 1-0: Swinging Strike 1-1: Ground out 1-3 (Groundball, 13S, EV 71.3 MPH)
|
|
Batting: RHB Jarrett Sterner
|
0-0: Called Strike 0-1: Ball 1-1: Ball 2-1: Ball 3-1: Base on Balls
|
|
Batting: SHB Ken Henderson
|
0-0: Ball 1-0: Called Strike 1-1: Ball 2-1: Grounds into double play, 4-6-3 (Groundball, 4, EV 84.4 MPH)
|
| Bottom of the 1st over - 0 runs, 0 hits, 0 errors, 0 left on base; Columbus 0 - Toledo 0 |
| TOP OF THE 2ND |
|
Columbus Jets batting - Pitching for Toledo Mud Hens : RHP Ricardo Posada
|
|
Batting: LHB Larry Sheets
|
0-0: Ground out 4-3 (Groundball, 34, EV 87.5 MPH)
|
|
Batting: RHB Jackie Gutierrez
|
0-0: Called Strike 0-1: Fly out, F8 (Flyball, 8RS, EV 88.1 MPH)
|
|
Batting: LHB Paul Hollins
|
0-0: Ball 1-0: Called Strike 1-1: Ball 2-1: Ground out U3 (Groundball, 3, EV 88.1 MPH)
|
| Top of the 2nd over - 0 runs, 0 hits, 0 errors, 0 left on base; Columbus 0 - Toledo 0 |
| BOTTOM OF THE 2ND |
|
Toledo Mud Hens batting - Pitching for Columbus Jets : RHP Darryl Banks
|
|
Batting: RHB John Guarino
|
0-0: Called Strike 0-1: Foul Ball, location: 2F 0-2: Ball 1-2: Strikes out swinging
|
|
Batting: RHB Milt Jefferson
|
0-0: Ball 1-0: Foul Ball, location: 2F 1-1: Fly out, F9 (Line Drive, 9, EV 88.8 MPH)
|
|
Batting: LHB Ron Diggle
|
0-0: Called Strike 0-1: Foul Ball, location: 2F 0-2: Ball 1-2: SINGLE (Groundball, 4D, EV 101.9 MPH)
|
|
Batting: RHB Dennis Odom
|
0-0: Called Strike 0-1: Ball 1-1: Ground out 1-3 (Groundball, P, EV 65.6 MPH)
|
| Bottom of the 2nd over - 0 runs, 1 hit, 0 errors, 1 left on base; Columbus 0 - Toledo 0 |
| TOP OF THE 3RD |
|
Columbus Jets batting - Pitching for Toledo Mud Hens : RHP Ricardo Posada
|
|
Batting: RHB Michael Ventress
|
0-0: Ball 1-0: Called Strike 1-1: Foul Ball, location: 2F 1-2: Ball 2-2: Foul Ball, location: 2F 2-2: Foul Ball, location: 2F 2-2: Foul Ball, location: 2F 2-2: Ball 3-2: Fly out, F4 (Popup, 4D, EV 63.8 MPH)
|
|
Batting: RHB Glenn Goya
|
0-0: Ball 1-0: Ball 2-0: Ground out 2-3 (Groundball, 2L, EV 66.3 MPH)
|
|
Batting: LHB Mike Lebo
|
0-0: Ball 1-0: Swinging Strike 1-1: Ball 2-1: Called Strike 2-2: Strikes out looking
|
| Top of the 3rd over - 0 runs, 0 hits, 0 errors, 0 left on base; Columbus 0 - Toledo 0 |
| BOTTOM OF THE 3RD |
|
Toledo Mud Hens batting - Pitching for Columbus Jets : RHP Darryl Banks
|
|
Batting: LHB Rich Coggins
|
0-0: Ball 1-0: Called Strike 1-1: Ball 2-1: Called Strike 2-2: SINGLE (Groundball, 4MS, EV 63.8 MPH) (infield hit)
|
|
Batting: RHB Gary Allenson
|
0-0: Ball 1-0: Ball 2-0: Ball 3-0: Base on Balls Rich Coggins to second
|
|
Batting: LHB George LaCoe
|
0-0: Ball 1-0: Ball 2-0: Fielders Choice at 2nd, 4-6 (Groundball, 34, EV 87.5 MPH) Rich Coggins to third
|
|
Batting: RHB Jarrett Sterner
|
0-0: Ball 1-0: Ball 2-0: Fly out, F7 (Line Drive, 7, EV 92.5 MPH) Runner from 3rd tags up, OUT at HOME! 7-2
|
| Bottom of the 3rd over - 0 runs, 1 hit, 0 errors, 1 left on base; Columbus 0 - Toledo 0 |
| TOP OF THE 4TH |
|
Columbus Jets batting - Pitching for Toledo Mud Hens : RHP Ricardo Posada
|
|
Batting: RHB Greg Schultz
|
0-0: Ball 1-0: Swinging Strike 1-1: Ground out 1-3 (Groundball, 13S, EV 73.8 MPH)
|
|
Batting: RHB Jim Maler
|
0-0: Ball 1-0: Foul Ball, location: 2F 1-1: DOUBLE (Groundball, 3L, EV 106.3 MPH)
|
|
Batting: RHB Danny Tartabull
|
0-0: Foul Ball, location: 2F 0-1: Foul Ball, location: 2F 0-2: Ball 1-2: 2-RUN HOME RUN (Flyball, 78XD, EV 110.6 MPH), Distance : 402 ft
|
|
Batting: LHB Larry Sheets
|
0-0: Swinging Strike 0-1: Ball 1-1: Foul Ball, location: 2F 1-2: Ball 2-2: Ball 3-2: Ground out 5-3 (Groundball, 56, EV 83.8 MPH)
|
|
Batting: RHB Jackie Gutierrez
|
0-0: Ball 1-0: Fly out, F3 (Flyball, 3D, EV 76.9 MPH)
|
| Top of the 4th over - 2 runs, 2 hits, 0 errors, 0 left on base; Columbus 2 - Toledo 0 |
| BOTTOM OF THE 4TH |
|
Toledo Mud Hens batting - Pitching for Columbus Jets : RHP Darryl Banks
|
|
Batting: SHB Ken Henderson
|
0-0: Called Strike 0-1: Swinging Strike 0-2: Ground out 4-3 (Groundball, 4, EV 86.3 MPH)
|
|
Batting: RHB John Guarino
|
0-0: Ball 1-0: Ball 2-0: Called Strike 2-1: Ball 3-1: Base on Balls
|
|
Batting: RHB Milt Jefferson
|
0-0: Called Strike 0-1: Fly out, F4 (Flyball, 34D, EV 78.8 MPH)
|
|
Batting: LHB Ron Diggle
|
0-0: Called Strike 0-1: Ground out 4-3 (Groundball, 34, EV 88.8 MPH)
|
| Bottom of the 4th over - 0 runs, 0 hits, 0 errors, 1 left on base; Columbus 2 - Toledo 0 |
| TOP OF THE 5TH |
|
Columbus Jets batting - Pitching for Toledo Mud Hens : RHP Ricardo Posada
|
|
Batting: LHB Paul Hollins
|
0-0: Ball 1-0: Foul Ball, location: 2F 1-1: Foul Ball, location: 2F 1-2: Ball 2-2: Strikes out looking
|
|
Batting: RHB Michael Ventress
|
0-0: Called Strike 0-1: Ball 1-1: Ball 2-1: Swinging Strike 2-2: Foul Ball, location: 2F 2-2: Ball 3-2: Strikes out swinging
|
|
Batting: RHB Glenn Goya
|
0-0: Called Strike 0-1: Called Strike 0-2: Ball 1-2: Foul Ball, location: 2F 1-2: Ball 2-2: Foul Ball, location: 2F 2-2: Ground out 4-3 (Groundball, 4, EV 93.1 MPH)
|
| Top of the 5th over - 0 runs, 0 hits, 0 errors, 0 left on base; Columbus 2 - Toledo 0 |
| BOTTOM OF THE 5TH |
|
Toledo Mud Hens batting - Pitching for Columbus Jets : RHP Darryl Banks
|
|
Batting: RHB Dennis Odom
|
0-0: Ball 1-0: SINGLE (Groundball, 34D, EV 103.1 MPH)
|
|
Batting: LHB Rich Coggins
|
0-0: Swinging Strike 0-1: Ball 1-1: Ball 2-1: Swinging Strike 2-2: Ball 3-2: Strikes out swinging
|
|
Batting: RHB Gary Allenson
|
0-0: Ball Dennis Odom steals 2nd base 1-0: Ball 2-0: Ball Wild Pitch! Dennis Odom to third 3-0: Base on Balls
|
|
Batting: LHB George LaCoe
|
0-0: Ball 1-0: SINGLE (Line Drive, 6D, EV 111.3 MPH) Dennis Odom scores Gary Allenson to second
|
|
Batting: RHB Jarrett Sterner
|
0-0: SINGLE (Groundball, 4MD, EV 101.9 MPH) (infield hit) Gary Allenson to third George LaCoe to second
|
|
Batting: SHB Ken Henderson
|
0-0: Ball 1-0: Called Strike 1-1: Ball 2-1: Swinging Strike 2-2: Strikes out swinging
|
|
Batting: RHB John Guarino
|
0-0: Ball 1-0: Called Strike 1-1: Ball 2-1: Ball 3-1: Ground out 3-1 (Groundball, 34S, EV 78.8 MPH)
|
| Bottom of the 5th over - 1 run, 3 hits, 0 errors, 3 left on base; Columbus 2 - Toledo 1 |
| TOP OF THE 6TH |
|
Columbus Jets batting - Pitching for Toledo Mud Hens : RHP Ricardo Posada
|
|
Batting: LHB Mike Lebo
|
0-0: Ball 1-0: Called Strike 1-1: Swinging Strike 1-2: Foul Ball, location: 2F 1-2: Strikes out swinging
|
|
Batting: RHB Greg Schultz
|
0-0: Foul Ball, location: 2F 0-1: Ball 1-1: Called Strike 1-2: Ground out 6-3 (Groundball, 6M, EV 81.9 MPH)
|
|
Batting: RHB Jim Maler
|
0-0: Swinging Strike 0-1: Ball 1-1: Foul Ball, location: 2F 1-2: Foul Ball, location: 2F 1-2: Strikes out swinging
|
| Top of the 6th over - 0 runs, 0 hits, 0 errors, 0 left on base; Columbus 2 - Toledo 1 |
| BOTTOM OF THE 6TH |
|
Toledo Mud Hens batting - Pitching for Columbus Jets : RHP Darryl Banks
|
|
Batting: RHB Milt Jefferson
|
0-0: Called Strike 0-1: Ground out 4-3 (Groundball, 4, EV 86.3 MPH)
|
|
Batting: LHB Ron Diggle
|
0-0: Called Strike 0-1: Fly out, F3 (Popup, 34, EV 66.9 MPH)
|
|
Batting: RHB Dennis Odom
|
0-0: Swinging Strike 0-1: DOUBLE (Flyball, 78D, EV 104.4 MPH)
|
|
Batting: LHB Rich Coggins
|
0-0: Ball 1-0: Ball 2-0: Ball 3-0: Called Strike 3-1: Called Strike 3-2: Foul Ball, location: 2F 3-2: Base on Balls
|
|
Batting: RHB Gary Allenson
|
0-0: Called Strike 0-1: Ball 1-1: Fly out, F8 (Flyball, 8RM, EV 88.1 MPH)
|
| Bottom of the 6th over - 0 runs, 1 hit, 0 errors, 2 left on base; Columbus 2 - Toledo 1 |
| TOP OF THE 7TH |
|
Columbus Jets batting - Pitching for Toledo Mud Hens : RHP Ricardo Posada
|
|
Batting: RHB Danny Tartabull
|
0-0: Ball 1-0: Ball 2-0: Foul Ball, location: 2F 2-1: Fly out, F7 (Flyball, 7S, EV 78.1 MPH)
|
|
Batting: LHB Larry Sheets
|
0-0: Ball 1-0: Fly out, F9 (Flyball, 9D, EV 80.0 MPH)
|
|
Batting: RHB Jackie Gutierrez
|
0-0: Ground out 6-3 (Groundball, 6M, EV 105.0 MPH)
|
| Top of the 7th over - 0 runs, 0 hits, 0 errors, 0 left on base; Columbus 2 - Toledo 1 |
| BOTTOM OF THE 7TH |
|
Toledo Mud Hens batting - Pitching for Columbus Jets : RHP Darryl Banks
|
|
Batting: LHB George LaCoe
|
0-0: Ball 1-0: Called Strike 1-1: Ball 2-1: Called Strike 2-2: Foul Ball, location: 2F 2-2: Ball 3-2: Foul Ball, location: 2F 3-2: Base on Balls
|
|
Batting: RHB Jarrett Sterner
|
0-0: Ball 1-0: Bunted foul 1-1: Ball 2-1: Bunt missed! 2-2: SINGLE (Groundball, 5D, EV 97.5 MPH) George LaCoe to second
|
|
Batting: SHB Ken Henderson
|
0-0: Ball 1-0: Called Strike 1-1: Foul Ball, location: 2F 1-2: Fly out, F8 (Flyball, 78M, EV 88.1 MPH)
|
|
Batting: RHB John Guarino
|
0-0: Ball George LaCoe steals 3rd base 1-0: Ball 2-0: Foul Ball, location: 2F 2-1: Called Strike 2-2: Ball 3-2: Foul Ball, location: 2F 3-2: Foul Ball, location: 2F 3-2: Base on Balls Jarrett Sterner to second
|
|
Batting: RHB Milt Jefferson
|
0-0: Fly out, F6 (Popup, 6, EV 69.4 MPH)
|
|
Batting: LHB Ron Diggle
|
0-0: Ball 1-0: Called Strike 1-1: Fielders Choice at 2nd, 5-4 (Groundball, 56, EV 103.1 MPH)
|
| Bottom of the 7th over - 0 runs, 1 hit, 0 errors, 3 left on base; Columbus 2 - Toledo 1 |
| TOP OF THE 8TH |
|
Columbus Jets batting - Pitching for Toledo Mud Hens : RHP Ricardo Posada
|
|
Batting: LHB Paul Hollins
|
0-0: Foul Ball, location: 2F 0-1: SINGLE (Groundball, 4MD, EV 95.0 MPH)
|
|
Batting: RHB Michael Ventress
|
0-0: Bunt missed! 0-1: Bunt missed! 0-2: Ball 1-2: Grounds into double play, 6-4-3 (Groundball, 6, EV 84.4 MPH)
|
|
Batting: RHB Glenn Goya
|
0-0: Ball 1-0: Ball 2-0: Swinging Strike 2-1: Called Strike 2-2: Ground out 6-3 (Groundball, 6MS, EV 78.1 MPH)
|
| Top of the 8th over - 0 runs, 1 hit, 0 errors, 0 left on base; Columbus 2 - Toledo 1 |
| BOTTOM OF THE 8TH |
|
Toledo Mud Hens batting - Pitching for Columbus Jets : RHP Darryl Banks
|
|
Now in RF: Dave Bialas
|
|
|
Batting: RHB Dennis Odom
|
0-0: Ball 1-0: Fly out, F7 (Flyball, 7D, EV 83.1 MPH)
|
|
Batting: LHB Rich Coggins
|
0-0: Ball 1-0: Foul Ball, location: 2F 1-1: SINGLE (Groundball, 6MD, EV 102.5 MPH)
|
|
Pitching: RHP Owen Foley
|
|
|
Batting: RHB Gary Allenson
|
0-0: Called Strike 0-1: Swinging Strike 0-2: Foul Ball, location: 2F 0-2: Foul Ball, location: 2F 0-2: Ball 1-2: Foul Ball, location: 2F 1-2: Ball 2-2: Ball 3-2: Foul Ball, location: 2F 3-2: Fly out, F9 (Flyball, 9, EV 87.5 MPH)
|
|
Batting: LHB George LaCoe
|
0-0: Fielders Choice at 2nd, 5-4 (Groundball, 5L, EV 87.5 MPH)
|
| Bottom of the 8th over - 0 runs, 1 hit, 0 errors, 1 left on base; Columbus 2 - Toledo 1 |
| TOP OF THE 9TH |
|
Columbus Jets batting - Pitching for Toledo Mud Hens : RHP Ricardo Posada
|
|
Pitching: RHP Mackasey Lee
|
|
|
Batting: LHB Mike Lebo
|
0-0: Ball 1-0: Ball 2-0: Called Strike 2-1: Foul Ball, location: 2F 2-2: SINGLE (Line Drive, 8LS, EV 98.8 MPH)
|
|
Batting: RHB Greg Schultz
|
0-0: Ball 1-0: Ball 2-0: SINGLE (Groundball, 56, EV 96.3 MPH) Mike Lebo to second
|
|
Pinch Runner at 2nd Albert Richmond:
|
|
|
Batting: RHB Jim Maler
|
0-0: Hit by Pitch Albert Richmond to third Greg Schultz to second
|
|
Batting: RHB Danny Tartabull
|
0-0: Ball 1-0: Called Strike 1-1: Grounds into fielders choice 6-2 (Groundball, 6, EV 83.8 MPH) Greg Schultz to third Jim Maler to second
|
|
Batting: LHB Larry Sheets
|
0-0: Called Strike 0-1: Called Strike 0-2: SINGLE (Line Drive, 8LS, EV 88.1 MPH) Greg Schultz scores Jim Maler to third Danny Tartabull to second Runner from 3rd tries for Home, SAFE, throw by LF to home
|
|
Batting: RHB Jackie Gutierrez
|
0-0: Fielders Choice at 2nd, 6-4 (Groundball, 6, EV 87.5 MPH) Danny Tartabull to third
|
|
Batting: LHB Paul Hollins
|
0-0: Foul Ball, location: 2F 0-1: Ball 1-1: Called Strike 1-2: Ball 2-2: Strikes out swinging
|
| Top of the 9th over - 2 runs, 3 hits, 0 errors, 2 left on base; Columbus 4 - Toledo 1 |
| BOTTOM OF THE 9TH |
|
Toledo Mud Hens batting - Pitching for Columbus Jets : RHP Owen Foley
|
|
Now at C: Ray Smith
|
|
|
Batting: RHB Jarrett Sterner
|
0-0: Ball 1-0: SINGLE (Groundball, 56D, EV 98.8 MPH)
|
|
Batting: SHB Ken Henderson
|
0-0: Ball 1-0: Ball 2-0: Foul Ball, location: 2F 2-1: Called Strike 2-2: Foul Ball, location: 2F 2-2: Strikes out swinging
|
|
Batting: RHB John Guarino
|
0-0: Ball 1-0: Ball 2-0: Called Strike 2-1: Ball 3-1: Base on Balls Jarrett Sterner to second
|
|
Batting: RHB Milt Jefferson
|
0-0: Called Strike 0-1: Grounds into double play, 5-4-3 (Groundball, 56S, EV 82.5 MPH)
|
| Bottom of the 9th over - 0 runs, 1 hit, 0 errors, 1 left on base; Columbus 4 - Toledo 1 |
|